 Dungeon Crawl Stone Soup version 0.31-a0-774-g0d66cbabe8 (webtiles) character file.

Game seed: 2655180351527587317

38 cforsyth the Sneak (level 3, -1/31 HPs)
             Began as a Djinni Delver on Sept 17, 2023.
             Slain by an adder (2 damage)
             ... on level 4 of the Dungeon.
             The game lasted 00:00:28 (144 turns).

cforsyth the Sneak (Djinni Delver)                   Turns: 144, Time: 00:00:28

Health: -1/31      AC:  3    Str: 11    XL:     3   Next: 65%
Gold:   12         EV: 12    Int: 13    God:
                   SH:  0    Dex: 14

rFire   + + .        a - +0 falchion
rCold   x . .        (no shield)
rNeg    . . .        b - +0 leather armour
rPois   ∞            (no helmet)
rElec   .            (no cloak)
rCorr   .            (no gloves)
SInv    .            (boots unavailable)
Will    .....        (no amulet)
Stlth   ++           (no ring)
HPRegen 0.25/turn    (no ring)
MPRegen 0.00/turn

%: infuse magic (-2 HP)
@: flying
A: sickness immunity, fire resistance 2, cold vulnerability 1, float, innate
caster, HP casting, extra vitality 1
a: no special abilities


You were on level 4 of the Dungeon.
You visited 1 branch of the dungeon, and saw 2 of its levels.

You collected 12 gold pieces.

Inventory:

Hand Weapons
 a - a +0 falchion (weapon)
Armour
 b - a +0 leather armour (worn)
Wands
 g - a wand of digging (3)
Scrolls
 c - a scroll of fog
 d - 2 scrolls of revelation
Potions
 f - a potion of haste
 h - a potion of attraction {unknown}


   Skills:
 + Level 3.7 Fighting
 - Level 1.7 Long Blades
 - Level 2.1 Dodging
 - Level 4.1 Stealth
 + Level 1.3 Spellcasting
 + Level 1.3 Conjurations
 + Level 1.3 Hexes
   Level 0.0 Charms
 + Level 1.3 Summonings
 + Level 1.3 Necromancy
 + Level 1.3 Translocations
 + Level 1.3 Transmutations
 + Level 1.3 Fire Magic
 + Level 1.3 Ice Magic
 + Level 1.3 Air Magic
 + Level 1.3 Earth Magic
 + Level 1.3 Poison Magic


You knew the following spells:

 Your Spells              Type           Power      Damage    Failure   Level
a - Sandblast             Erth           8%         2d5       22%         1
Your spell library was empty.

Dungeon Overview and Level Annotations

Branches:
Dungeon (5/15)
 Temple: D:4-7

Altars:


Innate Abilities, Weirdness & Mutations

You are immune to sickness and miasma.
You are immune to poison.
Your flesh is very heat resistant. (rF++)
You are vulnerable to cold. (rC-)
You float through the air rather than walking.
You learn spells naturally, not from books.
Your magical power is your life essence.
You have superior vitality. (+4 MHP)


Message History

You completely miss the hound.
The hound is heavily wounded.
The hound misses you. The adder closely misses you.
The hound barely misses you.
You hit the hound.
The hound is heavily wounded.
The adder bites you.
* * * LOW HITPOINT WARNING * * *
The hound barely misses you. The adder misses you.
You barely miss the hound.
The hound is heavily wounded.
The hound barely misses you. The adder barely misses you. The hound misses you.
You slash the hound!
You kill the hound!
The adder bites you.
* * * LOW HITPOINT WARNING * * *
The adder bites you.
* * * LOW HITPOINT WARNING * * *
Your Spellcasting skill increases to level 1!
Your Conjurations skill increases to level 1!
Your Hexes skill increases to level 1!
Your Summonings skill increases to level 1!
Your Necromancy skill increases to level 1!
Your Translocations skill increases to level 1!
Your Transmutations skill increases to level 1!
Your Fire Magic skill increases to level 1!
Your Ice Magic skill increases to level 1!
Your Air Magic skill increases to level 1!
Your Earth Magic skill increases to level 1!
Your Poison Magic skill increases to level 1!
You have reached level 3!
Your experience leads to an increase in your attributes!
Increase (S)trength, (I)ntelligence, or (D)exterity?
You feel clever. x2
The power to cast Sandblast wells up from within.
Spell assigned to 'a'.
You hit the adder.
The adder is lightly wounded.
The adder bites you.
You die...

#.# #.# # # #
#.# ###. .. #.
#.# ...
##.#.##.#..#
........#.####
####...S†....#
.......@.#
#.....####
#.###


You could see an adder.

Vanquished Creatures
  A hound (D:4)
  An adder (D:5)
2 creatures vanquished.

Notes
Turn   | Place    | Note
-------+----------+-------------------------------------------
     0 | D:5      | cforsyth the Djinni Delver began the quest for the Orb.
     0 | D:5      | Reached XP level 1. HP: 20/20 MP: 0/0
    16 | D:5      | Reached XP level 2. HP: 14/25 MP: 0/0
    99 | D:5      | Noticed a phantom
   143 | D:4      | HP: 1/25 [adder (1)]
   144 | D:4      | Reached skill level 1 in Spellcasting
   144 | D:4      | Reached skill level 1 in Conjurations
   144 | D:4      | Reached skill level 1 in Hexes
   144 | D:4      | Reached skill level 1 in Summonings
   144 | D:4      | Reached skill level 1 in Necromancy
   144 | D:4      | Reached skill level 1 in Translocations
   144 | D:4      | Reached skill level 1 in Transmutations
   144 | D:4      | Reached skill level 1 in Fire Magic
   144 | D:4      | Reached skill level 1 in Ice Magic
   144 | D:4      | Reached skill level 1 in Air Magic
   144 | D:4      | Reached skill level 1 in Earth Magic
   144 | D:4      | Reached skill level 1 in Poison Magic
   144 | D:4      | Reached XP level 3. HP: 1/31 MP: 0/0
   144 | D:4      | Learned a level 1 spell: Sandblast
   144 | D:4      | Slain by an adder

Illustrated notes

Levels and vault maps discovered:
D:4:      layout_basic, minmay_temple_entry_drinking_statues
D:5:      layout_rooms, kennysheep_generic_room_13

Skill      XL: |  1  2 |
---------------+-------+-----
Spellcasting   | 1 |  1.3
Conjurations   | 1 |  1.3
Hexes          | 1 |  1.3
Summonings     | 1 |  1.3
Necromancy     | 1 |  1.3
Translocations | 1 |  1.3
Transmutations | 1 |  1.3
Fire Magic     | 1 |  1.3
Ice Magic      | 1 |  1.3
Air Magic      | 1 |  1.3
Earth Magic    | 1 |  1.3
Poison Magic   | 1 |  1.3
Fighting       | |  3.7
Long Blades    | |  1.7
Dodging        | |  2.1
Stealth        | |  4.1

Action                     || total
---------------------------++-------
  Melee: Falchion          ||    19
         Punch             ||     1
    Use: Scroll            ||     1
 Armour: Leather armour    ||    23
  Dodge: Dodged            ||    32

Table legend: (Time is in decaauts)
 A = Elapsed time spent in this place.
 B = Non-inter-level travel time spent in this place.
 C = Inter-level travel time spent in this place.
 D = Time resting spent in this place.
 E = Time spent auto-exploring this place.
 F = Levels seen in this place.
 G = Mean time per level.
                   A        B        C        D        E       F      G
               +--------+--------+--------+--------+--------+-----+--------+
         Total |    147 |    147 |      0 |      0 |     83 |   2 |   73.5 |
       Dungeon |    147 |    147 |      0 |      0 |     83 |   2 |   73.5 |
               +--------+--------+--------+--------+--------+-----+--------+

Top non-repeatable levels by time:
     D:5: 133 daAuts
     D:4: 14 daAuts
